 Dungeon Crawl Stone Soup version 0.20-a0-556-g892c87b (webtiles) character file.

753 TuxedoFelix the Chopper (level 7, -5/62 HPs)
             Began as a Minotaur Berserker on Feb 4, 2017.
             Was a Priest of Trog.
             Splashed by a jelly's acid (10 damage)
             ... on level 5 of the Dungeon.
             The game lasted 00:19:11 (3554 turns).

TuxedoFelix the Chopper (Minotaur Berserker)        Turns: 3554, Time: 00:19:13

Health: -5/62      AC:  2    Str: 24    XL:     7   Next: 49%
Magic:  6/6        EV: 10    Int:  4    God:    Trog [***...]
Gold:   144        SH:  9    Dex:  9    Spells: 6/6 levels left

rFire    . . .     SeeInvis .   v - +0 hand axe
rCold    . . .     Gourm    .   p - +0 ring mail
rNeg     . . .     Faith    .   a - +0 shield
rPois    .         Spirit   .   (helmet restricted)
rElec    .         Reflect  .   (no cloak)
rCorr    .         Harm     .   (no gloves)
MR       ++...                  (no boots)
Stlth    ..........             (no amulet)
Regen    1.2/turn               (no ring)
                                (no ring)

@: corroded, regenerating
A: retaliatory headbutt, horns 2
a: Berserk, Trog's Hand, Burn Spellbooks, Renounce Religion


You were on level 5 of the Dungeon.
You worshipped Trog.
Trog was most pleased with you.
You were hungry.

You visited 1 branch of the dungeon, and saw 5 of its levels.

You collected 324 gold pieces.
You spent 180 gold pieces at shops.

Inventory:

Hand Weapons
 v - a +0 hand axe (weapon)
Armour
 a - a +0 shield (worn)
 i - the +0 leather armour of Misanthropy {rC+}
   (You found it on level 4 of the Dungeon)

   It protects you from cold.
 p - a +0 ring mail (worn)
 x - a +0 plate armour
Wands
 s - a wand of flame (48/48)
Scrolls
 e - a scroll of fear {unknown}
 k - a scroll of immolation {unknown}
 l - a scroll of recharging
 m - a scroll of magic mapping
 o - a scroll of enchant weapon {unknown}
 q - 3 scrolls of remove curse
 y - a scroll of random uselessness {unknown}
 B - a scroll of teleportation {unknown}
Potions
 b - a potion of invisibility {unknown}
 d - a potion of resistance {unknown}
 g - 2 potions of heal wounds {unknown}
 h - a potion of lignification {unknown}
 n - a potion of might {unknown}
 r - a potion of curing {unknown}
 t - a potion of ambrosia {unknown}
 w - 2 potions of flight
 z - a potion of agility {unknown}
Comestibles
 c - 4 bread rations
 f - 2 chunks of flesh
 u - a royal jelly
 A - 3 meat rations


   Skills:
 + Level 5.7 Fighting
 + Level 6.1 Axes
 + Level 5.2 Armour
 + Level 4.3 Dodging
 + Level 3.6 Shields


You had 6 spell levels left.
You didn't know any spells.

Dungeon Overview and Level Annotations

Branches:
Dungeon (5/15)
 Temple: D:4-7

Altars:
Hepliaklqana
Makhleb
Qazlal
Ru
Yredelemnul

Shops:
D:5 %


Innate Abilities, Weirdness & Mutations

You reflexively headbutt those who attack you in melee.
You have a pair of horns on your head.


Message History

You hit the jelly. The acid corrodes you!
Your hands burn!
The jelly is heavily wounded.
The jelly closely misses you. The jelly misses you.
You slash the jelly!
Your hands burn!
You headbutt the jelly.
The jelly is almost dead.
The jelly hits you.
You are splashed with acid!
The acid burns!
You hit the jelly but do no damage.
Your hands burn!
* * * LOW HITPOINT WARNING * * *
The jelly is almost dead.
The jelly hits you.
* * * LOW HITPOINT WARNING * * *
The acid corrodes you!
You are splashed with acid!
The acid burns!
* * * LOW HITPOINT WARNING * * *
Your magical effects are unravelling.
You feel magically purged.
You are no longer corroded.
The jelly hits you.
* * * LOW HITPOINT WARNING * * *
The acid corrodes you!
You are splashed with acid!
The acid burns!
You die...

#........ ##....(.##
#........
##......$.###........
#..........##........
#..........###.......
#......?...# ##.....<
#....(.....# ###....
#..........# #....
#..@J....#######....
##...................
#..........######....
#..........# ##.>...
#..........####..####
#.............#.##...
#).........##......##
##........#####..####
##......## #..##..


You could see a jelly.

Vanquished Creatures
  A sky beast (D:5)
  A phantom (D:5)
  An ogre (D:4)
  A bullfrog (D:3)
  A howler monkey (D:4)
  A hound (D:5)
  An orc priest (D:5)
  Ijyb (D:3)
  2 worker ants
  2 orc wizards (D:4)
  A hound skeleton (D:5)
  A worker ant zombie (D:5)
  A gnoll (D:3)
  6 adders
  A shadow imp (D:5)
  3 dart slugs
  3 leopard geckos
  13 orcs
  A ball python (D:4)
  9 bats
  8 giant cockroaches
  9 hobgoblins
  8 kobolds
  A quokka (D:2)
  5 frilled lizards
  6 goblins
  A leopard gecko skeleton (D:5)
  12 rats
101 creatures vanquished.

Notes
Turn   | Place    | Note
-------+----------+-------------------------------------------
     0 | D:1      | TuxedoFelix the Minotaur Berserker began the quest for the Orb.
     0 | D:1      | Reached XP level 1. HP: 19/19 MP: 0/0
   140 | D:1      | Reached XP level 2. HP: 22/27 MP: 1/1
   459 | D:1      | Reached skill level 4 in Axes
   559 | D:1      | Reached ** piety under Trog
   559 | D:1      | Reached XP level 3. HP: 27/33 MP: 2/2
   901 | D:2      | Found a basalt altar of Yredelemnul.
   901 | D:2      | Found a sacrificial altar of Ru.
  1305 | D:3      | Noticed a bullfrog
  1310 | D:3      | Killed a bullfrog
  1310 | D:3      | Reached skill level 1 in Shields
  1310 | D:3      | Reached XP level 4. HP: 41/41 MP: 3/3
  1334 | D:3      | Noticed an earth elemental
  1336 | D:3      | Found a stormy altar of Qazlal.
  1338 | D:3      | Noticed a water elemental
  1338 | D:3      | Noticed an air elemental
  1338 | D:3      | Noticed a fire elemental
  1558 | D:3      | Reached XP level 5. HP: 43/47 MP: 4/4
  1887 | D:3      | Noticed Ijyb
  1903 | D:3      | Killed Ijyb
  1903 | D:3      | Reached skill level 5 in Axes
  2222 | D:4      | Found a burning altar of Makhleb.
  2305 | D:4      | Reached *** piety under Trog
  2392 | D:4      | Noticed an ogre
  2397 | D:4      | Killed an ogre
  2397 | D:4      | Reached skill level 5 in Fighting
  2397 | D:4      | Reached XP level 6. HP: 56/56 MP: 5/5
  2654 | D:4      | Got a brightly glowing leather armour
  2665 | D:4      | Identified the +0 leather armour of Misanthropy {rC+} (You found it on level 4 of the Dungeon)
  2860 | D:5      | Entered Level 5 of the Dungeon
  2873 | D:5      | Noticed a sky beast
  2888 | D:5      | Killed a sky beast
  2888 | D:5      | Reached XP level 7. HP: 33/61 MP: 6/6
  3228 | D:5      | Found Numperr's Food Shop.
  3239 | D:5      | Bought a meat ration for 60 gold pieces
  3239 | D:5      | Bought a meat ration for 60 gold pieces
  3239 | D:5      | Bought a meat ration for 60 gold pieces
  3310 | D:5      | Reached skill level 5 in Armour
  3393 | D:5      | Found a hazy altar of Hepliaklqana.
  3441 | D:5      | Reached skill level 6 in Axes
  3554 | D:5      | Splashed by a jelly's acid

Vault maps used:
D:1:      dpeg_arrival_stone_temple_mockup
D:2:      gammafunk_temple_overflow_wave
D:3:      first_bread, hex_tiny, nicolae_qazlal_style_of_elements, uniq_iyjb
D:4:      bloody_makhleb
D:5:      kennysheep_mini, serial_shops, shop, grunt_decor_arrowhead

Skill      XL: |  1  2  3  4  5  6  7 |
---------------+----------------------+-----
Fighting       | 4 5 |  5.7
Axes           | 4 5 6 |  6.1
Armour         | 3 4 5 |  5.2
Shields        | 1 2 3 |  3.6
Dodging        | 3 4 |  4.3

Action                   |  1- 3 |  4- 6 |  7- 9 || total
-------------------------+-------+-------+-------++-------
Melee: Hand axe          |    89 |   103 |    72 ||   264
       Headbutt          |     8 |    21 |    15 ||    44
Invok: Burn Spellbooks   |       |     1 |       ||     1
       Trog's Hand       |       |     2 |     3 ||     5
  Use: Scroll            |     3 |     1 |     2 ||     6
       Potion            |     1 |       |     1 ||     2
  Eat: Chunk             |     1 |     4 |       ||     5
       Bread ration      |       |     1 |       ||     1
Armor: Animal skin       |    11 |       |       ||    11
       Leather armour    |     8 |       |       ||     8
       Ring mail         |     7 |    40 |    12 ||    59
Dodge: Dodged            |    65 |    31 |    21 ||   117
Block: Shield            |     1 |    46 |    27 ||    74
